 Dungeon Crawl Stone Soup version 0.16-a0-4092-gb8933cd (console) character file.

877 MarvinPA the Magician (level 7, -2/32 HPs)
             Began as a Spriggan Venom Mage on Feb 24, 2015.
             Was an Initiate of Gozag.
             Slain by a water moccasin (9 damage)
             ... on level 5 of the Dungeon.
             The game lasted 00:13:10 (5336 turns).

MarvinPA the Magician (Spriggan Venom Mage)         Turns: 5336, Time: 00:13:10

Health: -2/32      AC:  3    Str:  4    XL:     7   Next: 75%
Magic:  23/24      EV: 18    Int: 19    God:    Gozag
Gold:   220        SH:  0    Dex: 16    Spells: 3 memorised, 10 levels left

rFire  . . .     SeeInvis +     C - staff of summoning (curse)
rCold  . . .     Clarity  .     e - +1 robe
rNeg   . . .     SustAb   .     (shield restricted)
rPois  .         Gourm    .     (helmet restricted)
rElec  .         Spirit   .     (no cloak)
rCorr  .         Warding  +     (gloves unavailable)
rMut   .         Stasis   .     (boots unavailable)
MR     +....                    (no amulet)
Stlth  +++.......               (no ring)
                                t - ring of teleport control

@: very quick, somewhat resistant to hostile enchantments, fairly stealthy
A: unfitting armour, see invisible, herbivore 3, speed 3, slow metabolism 2
a: Potion Petition, Call Merchant, Bribe Branch, Renounce Religion, Evoke
Teleport Control


You were on level 5 of the Dungeon.
You worshipped Gozag.
Gozag was noncommittal.
You were not hungry.

You visited 2 branches of the dungeon, and saw 6 of its levels.

You collected 351 gold pieces.
You paid 131 gold pieces to Gozag.


Innate Abilities, Weirdness & Mutations

You are tiny and cannot use many weapons and most armour.
You have supernaturally acute eyesight.
You are a herbivore.
You cover ground extremely quickly.
You need consume almost no food.


   Skills:
 - Level 3.0 Dodging
 - Level 3.0 Stealth
 + Level 6.5 Spellcasting
 + Level 3.4 Conjurations
 - Level 2.2 Air Magic
 - Level 6.1 Poison Magic


You had 10 spell levels left.
You knew the following spells:

 Your Spells              Type           Power        Failure   Level  Hunger
c - Mephitic Cloud        Conj/Pois/Air  ###.....     8%          3    ##.....
x - Venom Bolt            Conj/Pois      ###.......   50%         5    #####..
z - Sting                 Conj/Pois      ###.         1%          1    None

Inventory:

Hand weapons
 a - a +0 dagger of venom
 b - a +2 scimitar of protection
Missiles
 k - a throwing net {=f}
 q - 3 curare-tipped needles {=f}
Armour
 e - a +1 robe (worn)
Magical staves
 C - a cursed staff of summoning (weapon)
Jewellery
 t - a ring of teleport control (left hand)
Magical devices
 f - a wand of frost (16)
 u - a wand of enslavement (6)
 A - a wand of fire (15)
Scrolls
 d - a scroll of identify {@r1}
 n - 2 scrolls of amnesia
 p - a scroll of immolation {!r}
 r - a scroll of fog
 s - a scroll of recharging
Potions
 h - a potion of agility
 i - a potion of restore abilities {unknown}
 j - 2 potions of might
 m - a potion of brilliance {unknown}
 o - a potion of ambrosia {unknown}
 w - a potion of poison {unknown}
 z - a potion of curing {unknown}
Books
 y - a Young Poisoner's Handbook
Comestibles
 c - a bread ration

Dungeon Overview and Level Annotations

Branches:
Dungeon (5/15)             Temple (1/1) D:4

Altars:
Ashenzari
Elyvilon
Fedhas
Gozag
Kikubaaqudgha
Makhleb
Okawaru
Ru
Sif Muna
Trog
Xom
Yredelemnul
Zin

Shops:
D:5

* .# *,,,........# **,...., .#
*,,,........# *,...., ##
*,,.........# **....,
*,,,........# ##..,,,
*,,,,,......####.##### *####
*******##.£##....#...# ####...*
#.........'£∩.+ .#..########
####..£..##..#...#
...##≈≈≈≈≈≈##**#iS....####..#####
...#≈≈....≈≈#....####.## ##.....#
...#≈..≈#..≈#...## #..# #.....#
...'..#≈≈≈.≈#...* ##.## ##.....
##.#≈.≈≈≈#.≈#...* #..###......
#.#≈..#≈..≈#...* ##.##.......
#.#≈≈....≈≈#..#* #..#.......
#.##≈≈≈≈≈≈##..* ##.........
##.########**** #.........


You could see a water moccasin.


Message History

The puff of frost hits the water moccasin.
The water moccasin is severely wounded.
Evoking this partially-identified wand wasted a few charges.
The water moccasin bites you.
* * * LOW HITPOINT WARNING * * *
The water moccasin completely misses you.
Your magical contamination has completely faded away.
Evoke which item? (* to show all) (? for menu, Esc to quit)
Zapping:
f - a wand of frost {zapped: 9} (will waste charges)
Aim: a water moccasin (severely wounded)
The puff of frost misses the water moccasin.
Evoking this partially-identified wand wasted a few charges.
The water moccasin bites you but does no damage.
Evoke which item? (* to show all) (? for menu, Esc to quit)
Zapping:
f - a wand of frost {zapped: 11} (will waste charges)
Aim: a water moccasin (severely wounded)
The puff of frost hits the water moccasin.
The water moccasin is almost dead.
Evoking this partially-identified wand wasted a few charges.
The water moccasin bites you but does no damage.
Evoke which item? (* to show all) (? for menu, Esc to quit)
Zapping:
f - a wand of frost {zapped: 14} (will waste charges)
Aim: a water moccasin (almost dead)
The puff of frost misses the water moccasin.
Evoking this partially-identified wand wasted a few charges.
The water moccasin bites you.
* * * LOW HITPOINT WARNING * * *
The water moccasin bites you!
You die...
Your body crumbles into a pile of gold.

Action                   |  1- 3 |  4- 6 |  7- 9 || total
-------------------------+-------+-------+-------++-------
Melee: Hand axe          |    15 |    35 |     1 ||    51
       Scimitar          |       |       |    19 ||    19
       Dagger            |       |       |     1 ||     1
       Staff             |       |       |     1 ||     1
 Cast: Sting             |    58 |   152 |    46 ||   256
       Mephitic Cloud    |       |       |     3 ||     3
Evoke: Wand              |       |       |     9 ||     9
  Use: Scroll            |       |       |    11 ||    11
 Stab: Confused          |       |       |     1 ||     1
  Eat: Bread ration      |       |     1 |       ||     1

Vault maps used:
D:1:      dpeg_arrival_sounds_drone
D:2:      minmay_cut_off
D:3:      minmay_misc_feat_doors, kennysheep_cross_room, dk_noncrumbling_2,
          uniq_iyjb, uniq_sigmund
D:4:      makhleb_grotto_becter, minmay_temple_entry_junction, first_bread,
          uniq_blork_the_orc
D:5:      kennysheep_another_room, guppyfry_shop_venom
Temple:   dpeg_five_rooms_temple_12

Notes
Turn   | Place    | Note
--------------------------------------------------------------
     0 | D:1      | MarvinPA, the Spriggan Venom Mage, began the quest for the Orb.
     0 | D:1      | Reached XP level 1. HP: 9/9 MP: 4/4
   240 | D:1      | Reached XP level 2. HP: 13/13 MP: 1/7
   831 | D:2      | Reached skill level 1 in Conjurations
   864 | D:2      | Reached XP level 3. HP: 16/16 MP: 3/9
  1056 | D:2      | Learned a level 3 spell: Mephitic Cloud
  1110 | D:2      | Reached XP level 4. HP: 19/21 MP: 1/12
  1206 | D:2      | Reached skill level 1 in Air Magic
  1613 | D:2      | Reached skill level 2 in Conjurations
  2037 | D:3      | Reached skill level 2 in Air Magic
  2037 | D:3      | Reached XP level 5. HP: 24/24 MP: 9/14
  2215 | D:3      | Noticed Ijyb
  2232 | D:3      | Killed Ijyb
  2294 | D:3      | Noticed Sigmund
  2319 | D:3      | Killed Sigmund
  2319 | D:3      | Reached skill level 3 in Spellcasting
  2319 | D:3      | Reached skill level 5 in Poison Magic
  2684 | D:3      | Reached XP level 6. HP: 23/28 MP: 13/18
  3232 | D:4      | Reached skill level 4 in Spellcasting
  3474 | D:4      | Found a burning altar of Makhleb.
  3580 | D:4      | Learned a level 5 spell: Venom Bolt
  3793 | D:4      | Reached skill level 5 in Spellcasting
  3793 | D:4      | Reached skill level 6 in Poison Magic
  3793 | D:4      | Reached XP level 7. HP: 27/32 MP: 15/22
  3948 | D:4      | Found a staircase to the Ecumenical Temple.
  3978 | D:4      | Noticed Blork the orc
  4000 | Temple   | Entered the Ecumenical Temple
  4177 | Temple   | Became a worshipper of Gozag Ym Sagoz the Greedy
  4224 | D:4      | Killed Blork the orc
  4224 | D:4      | Reached skill level 6 in Spellcasting
  4224 | D:4      | Reached skill level 3 in Conjurations
  4851 | D:5      | Entered Level 5 of the Dungeon
  5268 | D:5      | Found Cuari's Serpentskin Sales.
  5336 | D:5      | Slain by a water moccasin

Vanquished Creatures
  2 ogres (D:4)
  Sigmund (D:3)
  Blork the orc (D:4)
  2 scorpions (D:4)
  2 crimson imps (D:5)
  3 worker ants
  An orc wizard (D:4)
  An iron imp (D:4)
  Ijyb (D:3)
  3 gnolls
  9 adders
  A giant mite (D:4)
  2 worms
  2 giant geckos
  2 oozes (D:2)
  2 orcs (D:4)
  3 ball pythons (D:5)
  13 bats
  8 giant cockroaches
  9 hobgoblins
  6 jackals
  7 kobolds
  2 quokkas
  9 giant newts
  11 goblins
  13 rats
116 creatures vanquished.

Vanquished Creatures (collateral kills)
  An orc priest (D:4)
  An adder (D:5)
  A shadow imp (D:5)
  An adder zombie (D:5)
4 creatures vanquished.

Grand Total: 120 creatures vanquished
